 Dungeon Crawl Stone Soup version 0.31-a0-1002-g8e65716e6e (webtiles) character file.

Game seed: 14967405589749920366

44 BinkBink the Conjurer (level 3, 0/21 HPs)
             Began as an Octopode Conjurer on Nov 9, 2023.
             Was a Plaything of Xom.
             Succumbed to an adder's poison
             ... on level 2 of the Dungeon.
             The game lasted 00:02:02 (1205 turns).

BinkBink the Conjurer (Octopode Conjurer)           Turns: 1205, Time: 00:02:03

Health: 0/21       AC:  1    Str:  6    XL:     3   Next: 62%
Magic:  1/7        EV: 13    Int: 22    God:    Xom [..*...]
Gold:   101        SH:  0    Dex: 10    Spells: 6/7 levels left

rFire   . . .        (no weapon)
rCold   . . .        (no shield)
rNeg    . . .        (helmet restricted)
rPois   .            e - amulet of the acrobat
rElec   .            (no ring)
rCorr   .            (no ring)
SInv    .            (no ring)
Will    .....        (no ring)
Stlth   +++          (no ring)
HPRegen 0.23/turn    (no ring)
MPRegen 0.10/turn    (no ring)
                     (no ring)

%: acrobat
@: lethally poisoned (0 -> -1)
A: almost no armour, amphibious, 8 rings, camouflage 1, gelatinous body 1,
(nimble swimmer 1), tentacles
a: Renounce Religion


You were on level 2 of the Dungeon.
You worshipped Xom.
You were a toy of Xom.
You visited 1 branch of the dungeon, and saw 2 of its levels.

You collected 101 gold pieces.

Inventory:

Jewellery
 e - an amulet of the acrobat (around mantle)
Scrolls
 c - 3 scrolls of immolation {unknown}
 d - a scroll of fog {unknown}
 f - a scroll of butterflies {unknown}
 g - a scroll of silence {unknown}
 h - a scroll of identify {unknown}
 i - 3 scrolls of fear {unknown}
Potions
 a - 2 potions of magic
 b - a potion of haste {unknown}


   Skills:
 - Level 2.1 Dodging
 - Level 2.8 Stealth
 + Level 2.8 Spellcasting
 + Level 4.6 Conjurations


You had 6 spell levels left.
You knew the following spells:

 Your Spells              Type           Power      Damage    Failure   Level
a - Magic Dart            Conj           92%        1d7       1%          1

Your spell library contained the following spells:

 Spells                   Type           Power      Damage    Failure   Level
 Searing Ray              Conj           46%        2d6       3%          2
 Dazzling Flash           Conj/Hex       26%        N/A       14%         3
 Ensorcelled Hibernation  Hex/Ice        6%         N/A       19%         2
 Passwall                 Tmut/Erth      2%         N/A       19%         2
 Call Canine Familiar     Summ           3%         N/A       36%         3
 Sigil of Binding         Hex            3%         N/A       36%         3
 Swiftness                Air            3%         N/A       36%         3
 Fulminant Prism          Conj/Hex       6%         3d7       43%         4
 Iskenderun's Mystic Bla  Conj/Tloc      13%        2d5       43%         4
 Dimensional Bullseye     Hex/Tloc       1%         N/A       77%         4
 Leda's Liquefaction      Hex/Erth       1%         N/A       77%         4


Dungeon Overview and Level Annotations

Branches:
Dungeon (2/15)

Altars:
Xom


Innate Abilities, Weirdness & Mutations

You cannot wear most types of armour.
You are amphibious.
You can wear up to eight rings at the same time.
Your skin changes colour to match your surroundings (Stealth+).
Your rubbery body absorbs attacks. (AC +1, EV +1)
((You are camouflaged when in or above water. (Stealth+)))
You have tentacles for arms and can constrict up to eight enemies at once.


Message History

The adder hisses angrily.
The adder closely misses you. The adder attacks as it pursues you!
The adder closely misses you. The adder closely misses you.
You closely miss the adder. Your grab misses the adder.
You squeeze the adder, but do no damage.
The adder is lightly wounded.
The adder barely misses you.
You tentacle-slap the adder but do no damage.
Your grab misses the adder.
The adder is lightly wounded.
The adder misses you.
You tentacle-slap the adder but do no damage.
Your grab misses the adder. Your squeeze misses the adder.
The adder is lightly wounded.
The adder bites you.
You are poisoned.
The adder poisons you! The adder closely misses you.
You feel sick. The adder misses you.
You barely miss the adder. Your grab misses the adder.
Your squeeze misses the adder.
You feel sick. The adder closely misses you.
You barely miss the adder. Your grab misses the adder.
You feel sick. The adder bites you.
You tentacle-slap the adder but do no damage.
Your grab misses the adder.
Your tentacle-slap misses the adder.
You feel sick. The adder bites you. x2
* * * LOW HITPOINT WARNING * * *
You are more poisoned.
The adder poisons you!
You closely miss the adder. Your grab misses the adder.
You feel sick. The adder misses you.
You closely miss the adder. Your grab misses the adder.
You feel sick. The adder barely misses you.
You closely miss the adder. Your grab misses the adder.
You feel sick. The adder bites you.
* * * LOW HITPOINT WARNING * * *
You barely miss the adder. Your grab misses the adder. You squeeze the adder.
The adder is moderately wounded.
You die...
Xom snickers!

##. ######... ..# ..
.......# #.# ###.##
##...##.# #.#
....####.....#.# #.#
######..#........#.# #.#
#.......#.##.....#.# #.#
#.)....S..###...##.## #.##
......>.######......###..#
#....##.SS@..........###.##
#.## #†.###..............#
) #..##.....##...###..#
.............)..# #..#
.....##.....##)..# #..#
####..###..†###...# #..#
#........).....###..#
##.......###.......#.
#..####.###...###...


You could see 2 adders.

Vanquished Creatures
  4 ball pythons
  An endoplasm (D:1)
  2 giant cockroaches
  5 goblins
  2 hobgoblins
  4 quokkas (D:1)
  6 bats (D:1)
  3 frilled lizards (D:1)
  8 kobolds
  5 rats
40 creatures vanquished.

Notes
Turn   | Place    | Note
-------+----------+-------------------------------------------
     0 | D:1      | BinkBink the Octopode Conjurer began the quest for the Orb.
     0 | D:1      | Reached XP level 1. HP: 11/11 MP: 3/3
   111 | D:1      | Reached XP level 2. HP: 17/17 MP: 0/5
   658 | D:1      | Reached XP level 3. HP: 21/21 MP: 3/6
   874 | D:1      | Found a faded altar of an unknown god.
   877 | D:1      | Prayed at the altar of an unknown god.
   877 | D:1      | Became a worshipper of Xom of Bone-Dry Humour
   980 | D:1      | XOM: silly message
  1204 | D:2      | HP: 1/21 [adder (2)]
  1205 | D:2      | Succumbed to an adder's poison

Illustrated notes

Levels and vault maps discovered:
D:1:      minmay_arrival_plants_in_alcoves, layout_basic,
          shapermc_ecumenical_altar_mp_vishouse
D:2:      layout_loops_ring, basic_altar

Action                     || total
---------------------------++-------
  Melee: Unarmed           ||    10
         Tentacles         ||     2
   Cast: Magic Dart        ||    64
 Armour: Skin              ||     6
  Dodge: Dodged            ||    13

Table legend: (Time is in decaauts)
 A = Elapsed time spent in this place.
 B = Non-inter-level travel time spent in this place.
 C = Inter-level travel time spent in this place.
 D = Time resting spent in this place.
 E = Time spent auto-exploring this place.
 F = Levels seen in this place.
 G = Mean time per level.
                   A        B        C        D        E       F      G
               +--------+--------+--------+--------+--------+-----+--------+
         Total |   1204 |   1198 |      6 |      0 |   1059 |   2 |  602.0 |
       Dungeon |   1204 |   1198 |      6 |      0 |   1059 |   2 |  602.0 |
               +--------+--------+--------+--------+--------+-----+--------+

Top non-repeatable levels by time:
     D:1: 1027 daAuts
     D:2: 177 daAuts
